 Dungeon Crawl Stone Soup version 0.19.1 (webtiles) character file.

688 empire the Caller (level 7, -5/41 HPs)
             Began as a High Elf Wizard on Dec 20, 2016.
             Slain by Philosophy's ghost (18 damage)
             ... on level 5 of the Dungeon.
             The game lasted 00:20:41 (6430 turns).

empire the Caller (High Elf Wizard)                 Turns: 6430, Time: 00:20:42

Health: -5/41      AC:  4    Str:  6    XL:     7   Next: 36%
Magic:  5/14       EV: 13    Int: 22    God:
Gold:   134        SH:  0    Dex: 16    Spells: 5 memorised, 5 levels left

rFire  . . .     SeeInvis .     a - +1 mace (protect)
rCold  . . .     Gourm    .     Z - +0 robe
rNeg   . . .     Faith    .     (no shield)
rPois  .         Spirit   .     X - +1 hat
rElec  .         Reflect  .     (no cloak)
rCorr  .         Harm     +     Y - +0 pair of gloves
MR     .....                    (no boots)
Stlth  ++........               m - amulet of harm
                                (no ring)
                                (no ring)

@: no status effects
A: no striking features
a: no special abilities


You were on level 5 of the Dungeon.
You were hungry.

You visited 1 branch of the dungeon, and saw 5 of its levels.

You collected 134 gold pieces.

Inventory:

Hand Weapons
 a - a +1 mace of protection (weapon)
 b - a +0 short sword
 r - a +1 dagger of venom
Armour
 o - a +0 scale mail of cold resistance
 X - a +1 hat (worn)
 Y - a +0 pair of gloves (worn)
 Z - a +0 robe (worn)
Jewellery
 m - an amulet of harm (around neck)
Wands
 f - a wand of polymorph (4/24)
Scrolls
 e - a scroll of amnesia
 i - a scroll of recharging
 p - a scroll of remove curse
Potions
 g - a potion of heal wounds
 h - a potion of resistance {unknown}
Books
 c - a book of Minor Magic

   Spells                             Type                      Level
   a - Magic Dart                     Conjuration                  1
   b - Blink                          Translocation                2
   c - Call Imp                       Summoning                    2
   d - Repel Missiles                 Charms/Air                   2
   e - Slow                           Hexes                        2
   f - Conjure Flame                  Conjuration/Fire             3
   g - Mephitic Cloud                 Conjuration/Poison/Air       3
Comestibles
 d - 2 bread rations
 j - 2 slices of pizza
 k - 2 beef jerkies
 l - a meat ration
 n - 3 fruits


   Skills:
 - Level 2.1 Dodging
 - Level 2.1 Stealth
 - Level 4.0 Spellcasting
 - Level 5.1 Conjurations
 + Level 5.8 Summonings
 - Level 1.1 Translocations


You had 5 spell levels left.
You knew the following spells:

 Your Spells              Type           Power        Failure   Level  Hunger
a - Magic Dart            Conj           ####         1%          1    None
b - Blink                 Tloc           N/A          12%         2    #......
c - Call Imp              Summ           ####....     1%          2    #......
d - Repel Missiles        Chrm/Air       #.....       17%         2    #......
e - Slow                  Hex            #.......     17%         2    #......


Dungeon Overview and Level Annotations

Branches:
Dungeon (5/15)             Temple (0/1) D:5

Altars:
Elyvilon
Fedhas
Ru
Sif Muna
Trog
Xom
Yredelemnul

Annotations:
D:2 1 runed door
D:4 Menkaure, Pikel
D:5 Edmund; Philosophy's ghost, novice FoFi


Message History

The puff of flame hits something.
Philosophy's ghost hits you. Something hits you but does no damage.
Things that are here:
a club; a chain mail Philosophy's ghost hits you but does no damage.
Something hits you.
You see here a bread ration.
d - 2 bread rations (gained 1) Philosophy's ghost barely misses you.
Found a scroll of remove curse.
You see here a scroll of remove curse.
p - a scroll of remove curse Philosophy's ghost hits you!
A scorpion comes into view.
The orc wizard casts a spell.
The orc wizard flickers and vanishes!
Found 16 stones.
Found a staircase to the Ecumenical Temple.
Philosophy's ghost hits you!
You die...

# #.#.. ..........#
#>#.#.#.#####o.##.#.#.
#.#.#s#..........)....
....#.#######.###.####
## #...#######.# #.#
.. #......o...# #.#
#.#..o...{...# #.#
#....W.......# #.#
##.#@#######.# #.#
#...# #.# #.# ##..#
#.# #.# . ...# #.# #)#
# .....######.###.# .
.................####
. #.....(
#.##......... .
#......# #.##.########
. #...........


You could see a scorpion (sleeping), Philosophy's ghost and 2 orcs.

Vanquished Creatures
  A howler monkey (D:4)
  An orc priest (D:4)
  6 orc wizards
  Ijyb (D:2)
  A hound zombie (D:5)
  2 adders
  A worm (D:5)
  3 dart slugs
  A leopard gecko (D:1)
  19 orcs
  10 giant cockroaches
  12 goblins
  8 hobgoblins
  4 jackals (D:2)
  2 quokkas
  A ball python (D:4)
  8 bats
  5 frilled lizards
  A jackal zombie (D:5)
  9 kobolds
  A leopard gecko zombie (D:2)
  A quokka skeleton (D:4)
  4 rats
102 creatures vanquished.

Vanquished Creatures (collateral kills)
  A two-headed ogre (D:5)
  2 ogres
  The ghost of dscm the Sneak, a weakling OpEE (D:4)
  2 orc wizards
  A bullfrog skeleton (D:4)
  Jessica (D:3)
  2 orcs (D:5)
  A giant cockroach (D:5)
  A rat (D:3)
12 creatures vanquished.

Grand Total: 114 creatures vanquished

Notes
Turn   | Place    | Note
-------+----------+-------------------------------------------
     0 | D:1      | empire the High Elf Wizard began the quest for the Orb.
     0 | D:1      | Reached XP level 1. HP: 11/11 MP: 6/6
   686 | D:1      | Reached XP level 2. HP: 17/17 MP: 7/7
   834 | D:1      | Learned a level 2 spell: Blink
   837 | D:1      | Learned a level 2 spell: Call Imp
   840 | D:1      | Learned a level 2 spell: Repel Missiles
   843 | D:1      | Learned a level 2 spell: Slow
  1072 | D:1      | Reached XP level 3. HP: 21/21 MP: 5/9
  2190 | D:2      | Found a runed door.
  2307 | D:2      | Found a faded altar of an unknown god.
  2539 | D:2      | Noticed Ijyb
  2914 | D:2      | Killed Ijyb
  2914 | D:2      | Reached XP level 4. HP: 27/27 MP: 3/11
  3350 | D:3      | Noticed Jessica
  3356 | D:3      | Killed Jessica
  3716 | D:3      | Found a shimmering altar of Xom.
  3716 | D:3      | Found a shimmering altar of Xom.
  3763 | D:3      | Reached skill level 5 in Conjurations
  3768 | D:3      | Found a shimmering altar of Xom.
  3771 | D:3      | Found a shimmering altar of Xom.
  3771 | D:3      | Found a shimmering altar of Xom.
  3776 | D:3      | Found a shimmering altar of Xom.
  4017 | D:3      | Reached XP level 5. HP: 31/31 MP: 6/12
  4130 | D:3      | Reached skill level 1 in Summonings
  4301 | D:4      | Noticed an ogre
  4318 | D:4      | Killed an ogre
  4629 | D:4      | Noticed dscm's ghost (weakling OpEE)
  4640 | D:4      | Reached XP level 6. HP: 36/36 MP: 7/13
  4649 | D:4      | Killed dscm's ghost
  4680 | D:4      | Found a sacrificial altar of Ru.
  4682 | D:4      | Noticed Edmund
  5498 | D:4      | Noticed a slave
  5499 | D:4      | Noticed Pikel
  5536 | D:5      | Entered Level 5 of the Dungeon
  5814 | D:5      | Reached skill level 5 in Summonings
  5814 | D:5      | Reached XP level 7. HP: 31/41 MP: 6/14
  5819 | D:4      | Noticed Menkaure
  6332 | D:5      | Noticed Philosophy's ghost (novice FoFi)
  6358 | D:5      | Noticed a two-headed ogre
  6372 | D:5      | Killed a two-headed ogre
  6402 | D:5      | Found a bloodstained altar of Trog.
  6403 | D:5      | Found a blossoming altar of Fedhas.
  6404 | D:5      | Found a deep blue altar of Sif Muna.
  6405 | D:5      | Found a white marble altar of Elyvilon.
  6405 | D:5      | Found a basalt altar of Yredelemnul.
  6429 | D:5      | Found a staircase to the Ecumenical Temple.
  6430 | D:5      | Slain by Philosophy's ghost

Skill      XL: |  1  2  3  4  5  6 |
---------------+-------------------+-----
Spellcasting   | 4 |  4.0
Conjurations   | 2 4 5 |  5.1
Summonings     | 3 5 |  5.8
Dodging        | |  2.1
Stealth        | |  2.1
Translocations | |  1.1

Action                   |  1- 3 |  4- 6 |  7- 9 || total
-------------------------+-------+-------+-------++-------
Melee: Hand axe          |    15 |       |       ||    15
       Short sword       |    53 |     8 |       ||    61
       Unarmed           |     3 |       |       ||     3
       Mace              |       |    36 |    14 ||    50
 Cast: Magic Dart        |    92 |    93 |    16 ||   201
       Call Imp          |     3 |    35 |    16 ||    54
  Use: Scroll            |     3 |     1 |     7 ||    11
       Potion            |     2 |     1 |     1 ||     4
 Stab: Sleeping          |     3 |     5 |       ||     8
  Eat: Chunk             |     6 |    10 |     1 ||    17
Armor: Robe              |    36 |    26 |    14 ||    76
       Skin              |    22 |     5 |       ||    27
Dodge: Dodged            |    76 |    53 |    24 ||   153
